 Dungeon Crawl Stone Soup version 0.28-b1-1-g3c77fb2ed1 (webtiles) character file.

Game seed: 13388612384007427884

222 KamiKatze the Chopper (level 5, 0/47 HPs)
             Began as a Minotaur Berserker on Jan 29, 2022.
             Was a Believer of Trog.
             Slain by a wight (9 damage)
             ... on level 3 of the Dungeon.
             The game lasted 00:09:27 (2048 turns).

KamiKatze the Chopper (Minotaur Berserker)          Turns: 2048, Time: 00:09:28

Health: 0/47       AC:  9    Str: 24    XL:     5   Next: 66%
Magic:  4/4        EV: 11    Int:  4    God:    Trog [**....]
Gold:   102        SH:  0    Dex:  9    Spells: 4/4 levels left

rFire   . . .      SeeInvis .   a - +1 hand axe
rCold   . . .      Faith    .   (no shield)
rNeg    . . .      Spirit   .   t - +0 scale mail
rPois   .          Reflect  .   (helmet restricted)
rElec   .          Harm     .   p - +0 cloak
rCorr   .          Rampage  .   m - +0 pair of gloves
Will    .....                   (no boots)
Stlth   ..........              (no amulet)
HPRegen 0.15/turn               (no ring)
MPRegen 0.09/turn               (no ring)

@: about to teleport, on berserk cooldown, slowed, very slow
A: horns 2, retaliatory headbutt
a: Renounce Religion, Berserk, Trog's Hand


You were on level 3 of the Dungeon.
You worshipped Trog.
Trog was pleased with you.
You visited 1 branch of the dungeon, and saw 3 of its levels.

You collected 102 gold pieces.

Inventory:

Hand Weapons
 a - a +1 hand axe (weapon)
 b - a +0 war axe of electrocution
Missiles
 k - 59 stones (quivered)
Armour
 m - a +0 pair of gloves (worn)
 p - a +0 cloak (worn)
 t - a +0 scale mail (worn)
Jewellery
 g - a ring of ice
Scrolls
 d - a scroll of magic mapping
 f - a scroll of identify
 i - a scroll of enchant weapon
 l - a scroll of immolation {unknown}
 n - a scroll of fear {unknown}
 q - a scroll of fog {unknown}
Potions
 c - a potion of curing {unknown}
 h - a potion of resistance {unknown}
 o - a potion of degeneration {unknown}
 r - a potion of lignification {unknown}
 s - a potion of brilliance


   Skills:
 + Level 4.7 Fighting
 * Level 5.6 Axes
 + Level 3.9 Armour
 + Level 3.4 Dodging


You had 4 spell levels left.
You didn't know any spells.
Your spell library was empty.

Dungeon Overview and Level Annotations

Branches:
Dungeon (3/15)

Altars:

Annotations:
D:3 Terence


Innate Abilities, Weirdness & Mutations

You have a pair of horns on your head.
You reflexively headbutt those who attack you in melee.


Message History

You feel your anger nearly subside.
You are no longer berserk.
You are exhausted.
You feel yourself slow down.
The gnoll shouts! x2; You hear a shout!
A gnoll comes into view. It is wielding a +0 whip.
The gnoll completely misses you. The rat bites you.
The gnoll hits you from afar with a +0 halberd!
Terence the Incautious comes into view.
He is wielding a +0 short sword.
As you read the scroll labelled LESOBBO SAQ, it crumbles to dust.
You feel aware of your surroundings.
It was a scroll of magic mapping.
The rat bites you but does no damage. x2
As you read the scroll labelled WOSKIF FENWIL, it crumbles to dust.
It is a scroll of identify.
s - a potion of brilliance The rat bites you but does no damage.
You hit the wight. Your headbutt misses the wight.
The wight is lightly damaged.
You hit the rat but do no damage. The rat bites you but does no damage.
The wight barely misses you. The rat barely misses you.
Unknown command.
As you read the scroll labelled PIABLIFALA, it crumbles to dust.
It is a scroll of enchant weapon.
Your +0 hand axe glows red for a moment.
The wight hits you but does no damage. The rat bites you but does no damage.
The wight hits you with a +0 flail.
* * * LOW HITPOINT WARNING * * *
As you read the scroll labelled YHAMOBR POCISK, it crumbles to dust.
It is a scroll of brand weapon.
Your +0 war axe crackles with electricity.
b - a +0 war axe of electrocution The rat bites you but does no damage.
The wight hits you with a +0 flail!
* * * LOW HITPOINT WARNING * * *
The rat bites you but does no damage.
Unknown command.
As you read the scroll labelled BACVOG BISONLA, it crumbles to dust.
You feel strangely unstable.
It was a scroll of teleportation.
The wight hits you with a +0 flail.
* * * LOW HITPOINT WARNING * * *
The rat closely misses you. The wight hits you with a +0 flail!
You die...

zz.#.....##.##........# #.##.
*,,#.#...##.##........## #.#..
.......z..............># #.#..
##.#.#.#....#####......# #.##.
**,,,#.................# #.)[<
,,,,,#.o.........#####.##########
***,,#.####......# #...........
,**,,#.# #.####### ############
,',,,#.# #))..z@.# *,,,,,,****
,**,,#o# #######r#***,,,,,,,,,**
,***,#o# #...gg#,,,,,,,,,,,,+, ,*
*,..# #.##.@.,,,,,,,,,,,,** **
**..# *,,+g...,,,,,,,,,,,* *..#
***#....#*,,,,,,,,,* ***#..#***
#.....,^,,****+** *,,,,,,,,*
#....##**,,,,,,* *,,,,,,,,**
#....# ********


You could see Terence, a wight, a gnoll and a rat.

Vanquished Creatures
  A bullfrog (D:3)
  An orc priest (D:3)
  Robin (D:2)
  4 adders (D:2)
  2 worms
  5 orcs (D:3)
  2 ball pythons
  4 bats
  3 giant cockroaches
  12 goblins
  12 hobgoblins
  8 jackals
  5 kobolds
  3 quokkas (D:1)
  11 frilled lizards (D:2)
  2 rats
76 creatures vanquished.

Vanquished Creatures (others)
  7 plants (D:2)
7 creatures vanquished.

Grand Total: 83 creatures vanquished

Notes
Turn   | Place    | Note
-------+----------+-------------------------------------------
     0 | D:1      | KamiKatze the Minotaur Berserker began the quest for the
                  | Orb.
     0 | D:1      | Reached XP level 1. HP: 19/19 MP: 0/0
    92 | D:1      | Reached XP level 2. HP: 18/27 MP: 1/1
   280 | D:1      | Reached skill level 4 in Axes
   682 | D:1      | Reached XP level 3. HP: 30/33 MP: 2/2
  1063 | D:2      | Reached ** piety under Trog
  1244 | D:2      | Reached XP level 4. HP: 40/40 MP: 3/3
  1302 | D:2      | Found a faded altar of an unknown god.
  1353 | D:2      | Noticed Robin
  1377 | D:2      | Killed Robin
  1378 | D:2      | Reached skill level 5 in Axes
  1697 | D:3      | Noticed a bullfrog
  1704 | D:3      | Killed a bullfrog
  1705 | D:3      | Reached XP level 5. HP: 47/47 MP: 4/4
  1806 | D:3      | Noticed a sky beast
  2032 | D:3      | Reached *** piety under Trog
  2042 | D:3      | Noticed Terence
  2048 | D:3      | Slain by a wight

Illustrated notes

Levels and vault maps discovered:
D:1:      minmay_arrival_stone_box, layout_loops_cross,
          amcnicky_mini_rare_corridor_liquid, moated_statue, grunt_decor_cap,
          minmay_misc_feat_hallway, minmay_misc_feat_alley,
          corexii_item_surrounded_by_moat, patterned_corridor
D:2:      layout_loops_ring, chequers_ecumenical_altar_grove,
          minmay_lizard_king, uniq_robin
D:3:      layout_basic, uniq_crazy_yiuf_cottage, uniq_grinder, uniq_ijyb,
          uniq_terence

Skill      XL: |  1  2  3  4 |
---------------+-------------+-----
Axes           | 4 5 |  5.6
Fighting       | 4 |  4.7
Armour         | 3 |  3.9
Dodging        | 3 |  3.4

Action                   |  1- 3 |  4- 6 || total
-------------------------+-------+-------++-------
Melee: Hand axe          |    97 |    78 ||   175
       Headbutt          |    12 |    11 ||    23
       Punch             |     1 |       ||     1
Invok: Berserk           |       |     2 ||     2
       Trog's Hand       |       |     1 ||     1
  Use: Scroll            |       |     5 ||     5
Armor: Ring mail         |    30 |    33 ||    63
       Scale mail        |       |    11 ||    11
Dodge: Dodged            |    50 |    37 ||    87
